 Dungeon Crawl Stone Soup version 0.31.0-12-g77e489cdc1 (webtiles) character file.

Game seed: 12663315314473665650

2763642 RepoMan the Acrobat (level 27, 246/246 HPs)
             Began as a Felid Enchanter on Feb 25, 2024.
             Was the Champion of Wu Jian.
             Escaped with the Orb
             ... and 4 runes
             ... and 1 gem (0 intact) on Feb 26, 2024!
             The game lasted 06:31:01 (57665 turns).

RepoMan the Acrobat (Felid Enchanter)              Turns: 57665, Time: 06:31:02

Health: 246/246    AC: 22    Str: 24    XL:     27
Magic:  39/39      EV: 26    Int: 28    God:    Wu Jian [******]
Gold:   7035       SH:  0    Dex: 23    Spells: 14/48 levels left
                                        Lives:  2   Deaths: 2

rFire   + +          +
                       - Unarmed
rCold   + . .        (shield unavailable)
rNeg    + . .        (body armour unavailable)
rPois   +            (helmet unavailable)
rElec   +            (cloak unavailable)
rCorr   .            (gloves unavailable)
SInv    +            (boots unavailable)
Will    +++++        R - amulet "Sitiq" {Spirit rElec rC++ Dex+3}
Stlth   ++           A - ring of Foriraonk {AC+4 Str+3 Slay+2}
HPRegen 0.61/turn    S - ring of Enuwnoxty {rF+ rN+ Int+3}
MPRegen 0.26/turn

%: guardian spirit
@: mighty, dragon-form, enlightened, flying, hasted, studying 4 skills, very
quick
A: dragon claw, dragon scales, breathe fire, flying, boosted hp, giant, (claws
1), (fangs 3), see invisible, (shaggy fur 3), (stealthy paws), no weapons or
thrown items, no armour, multi-lived, clever 1, deterioration 1, noise
suppression
0: Orb of Zot
}: 4/15 runes: barnacled, slimy, silver, gossamer
a: Breathe Fire, Begin Untransformation, Renounce Religion, Wall Jump, Serpent's
Lash, Heavenly Storm


You escaped.
You worshipped Wu Jian.
Wu Jian was exalted by your worship.
You were a fearsome dragon!
You visited 12 branches of the dungeon, and saw 56 of its levels.
You visited 1 bazaar.
You visited 1 ziggurat, and saw 5 of its levels.
You also visited: Trove, Ice Cave and Volcano.

You collected 11199 gold pieces.
You spent 4164 gold pieces at shops.

Inventory:

Jewellery
 d - the ring "Qenne" {rN+ Will++ rCorr MP+9 Dex-3}
   (You found it on level 3 of the Crypt)

   [ring of positive energy]

   Dex-3:     It affects your dexterity (-3).
   rN+:       It protects you from negative energy.
   Will++:    It greatly increases your willpower.
   MP+9:      It affects your magic capacity (+9).
   rCorr:     It protects you from acid and corrosion.
 f - a ring of protection from fire
 i - the ring of Jirghacle {rC+ Str+6}
   (You found it on level 3 of the Crypt)

   [ring of strength]

   Str+6:     It affects your strength (+6).
   rC+:       It protects you from cold.
 m - the ring of the Mage {Wiz Archmagi}
   (You took it off a yaktaur captain on level 5 of the Vaults)

   [ring of wizardry]

   Wiz:       It improves your spell success rate.
   Archmagi:  It increases the power of your magical spells.
 p - the amulet "Put-Me-On" {RegenMP rElec Regen+}
   (You found it on level 4 of the Shoals)

   [amulet of magic regeneration]

   RegenMP:   It increases your rate of magic regeneration.
   rElec:     It insulates you from electricity.
   Regen+:    It increases your rate of health regeneration.
 A - the ring of Foriraonk (left foreclaw) {AC+4 Str+3 Slay+2}
   (You found it in a treasure trove)

   [ring of protection]

   AC+4:      It affects your AC (+4).
   Str+3:     It affects your strength (+3).
   Slay+2:    It affects your accuracy & damage with ranged weapons and melee
   (+2).
 D - the ring "Inig" {Ice +Blink Int+4}
   (You took it off Josephina on level 1 of the Realm of Zot)

   [ring of ice]

   Ice:       It enhances your ice magic.
   Int+4:     It affects your intelligence (+4).
   rF-:       It makes you vulnerable to fire.
   rC+:       It protects you from cold.
   +Blink:    It lets you blink.
 Q - a ring of flight
 R - the amulet "Sitiq" (around neck) {Spirit rElec rC++ Dex+3}
   (You acquired it on level 2 of the Elven Halls)

   [amulet of guardian spirit]

   Spirit:    It causes incoming damage to be divided between your reserves of
   health and magic.
   Dex+3:     It affects your dexterity (+3).
   rC++:      It greatly protects you from cold.
   rElec:     It insulates you from electricity.
 S - the ring of Enuwnoxty (right foreclaw) {rF+ rN+ Int+3}
   (You found it in a treasure trove)

   [ring of protection from fire]

   Int+3:     It affects your intelligence (+3).
   rF+:       It protects you from fire.
   rN+:       It protects you from negative energy.
 X - the amulet "Piang" {Spirit -Tele Rampage rC+++ Int-3}
   (You found it in a treasure trove)

   [amulet of guardian spirit]

   Spirit:    It causes incoming damage to be divided between your reserves of
   health and magic.
   Int-3:     It affects your intelligence (-3).
   rC+++:     It renders you almost immune to cold.
   -Tele:     It prevents most forms of teleportation.
   Rampage:   It bestows one free step when moving towards enemies.
Talismans
 r - a dragon-blood talisman (active)
 v - a granite talisman
 T - a storm talisman
Wands
 g - a wand of flame (124)
 j - a wand of quicksilver (39)
 x - a wand of digging (29)
 F - a wand of mindburst (35)
 H - a wand of paralysis (46)
 W - a wand of roots (34)
Scrolls
 a - 29 scrolls of teleportation
 k - 2 scrolls of blinking
 n - 3 scrolls of revelation
 o - 6 scrolls of fear
 t - 2 scrolls of silence
 w - 7 scrolls of immolation
 y - 7 scrolls of vulnerability
 z - a scroll of amnesia
 I - 4 scrolls of torment
 J - 2 scrolls of poison
 P - 2 scrolls of summoning
 Y - 4 scrolls of fog
Potions
 b - 13 potions of curing
 c - 4 potions of magic
 e - a potion of heal wounds
 h - 10 potions of mutation
 l - 6 potions of ambrosia
 s - 6 potions of brilliance
 u - a potion of might
 C - 9 potions of lignification
 L - 2 potions of haste
 N - a potion of cancellation
 O - a potion of resistance
 Z - 5 potions of enlightenment
Miscellaneous
 q - a phial of floods
 B - a phantom mirror
 K - a condenser vane
 M - a lightning rod (4/4)
 V - a sack of spiders


   Skills:
 - Level 23.3 Fighting
 - Level 25.5 Dodging
 - Level 13.3 Stealth
 - Level 25.5 Unarmed Combat
 - Level 11.1 Spellcasting
 - Level 9.9 Hexes
 - Level 13.3 Translocations
 - Level 1.1 Ice Magic
 - Level 3.3 Alchemy
 - Level 9.9 Evocations
 * Level 25.0 Shapeshifting


You had 14 spell levels left.
You knew the following spells:

 Your Spells              Type           Power      Damage    Failure   Level
a - Manifold Assault      Tloc           74%        N/A       1%          4
b - Blink                 Tloc           100%       N/A       1%          2
d - Tukima's Dance        Hex            63%        N/A       1%          3
g - Apportation           Tloc           100%       N/A       0%          1
p - Passage of Golubria   Tloc           74%        N/A       1%          4
t - Confusing Touch       Hex            63%        N/A       1%          3
v - Vhi's Electric Charg  Tloc/Air       100%       N/A       2%          4
y - Yara's Violent Unrav  Hex/Alch       25%        3d11      7%          5
z - Ensorcelled Hibernat  Hex/Ice        92%        N/A       1%          2
D - Dispersal             Tloc           37%        N/A       2%          6

Your spell library contained the following spells:

 Spells                   Type           Power      Damage    Failure   Level
 Slow                     Hex            100%       N/A       1%          1
 Sting                    Conj/Alch      96%        1d9       1%          1
 Jinxbite                 Hex            100%       N/A       1%          2
 Dazzling Flash           Conj/Hex       86%        N/A       1%          3
 Gell's Gravitas          Tloc           74%        N/A       1%          3
 Inner Flame              Hex/Fire       43%        N/A       1%          3
 Sigil of Binding         Hex            63%        N/A       1%          3
 Teleport Other           Tloc           74%        N/A       1%          3
 Volatile Blastmotes      Fire/Tloc      100%       2d18      1%          3
 Cause Fear               Hex            31%        N/A       1%          4
 Freeze                   Ice            84%        1d9       2%          1
 Mercury Vapours          Alch/Air       48%        N/A       2%          2
 Iskenderun's Mystic Bla  Conj/Tloc      51%        2d11      2%          4
 Kiss of Death            Conj/Necr      60%        2d10      3%          1
 Magic Dart               Conj           60%        1d6       3%          1
 Sandblast                Erth           30%        2d9       3%          1
 Shock                    Conj/Air       60%        1d6       3%          1
 Summon Small Mammal      Summ           60%        N/A       3%          1
 Cigotuvi's Dreadful Rot  Necr/Alch/Air  42%        N/A       3%          2
 Call Imp                 Summ           30%        N/A       5%          2
 Scorch                   Fire           30%        2d6       5%          2
 Searing Ray              Conj           30%        2d5       5%          2
 Static Discharge         Conj/Air       30%        3-5/arc   5%          2
 Frozen Ramparts          Ice            42%        1d7       7%          3
 Mephitic Cloud           Conj/Alch/Air  21%        N/A       7%          3
 Hailstorm                Conj/Ice       18%        3d7       9%          3
 Olgreb's Toxic Radiance  Alch           34%        N/A       10%         4
 Call Canine Familiar     Summ           15%        N/A       11%         3
 Passwall                 Erth           15%        N/A       11%         3
 Stone Arrow              Conj/Erth      30%        3d8       11%         3
 Vampiric Draining        Necr           15%        2d7       11%         3
 Silence                  Hex/Air        21%        N/A       13%         5
 Summon Mana Viper        Hex/Summ       43%        N/A       13%         5
 Fulminant Prism          Conj/Alch      12%        3d9       19%         4
 Leda's Liquefaction      Alch/Erth      12%        N/A       19%         4
 Petrify                  Alch/Erth      24%        N/A       19%         4
 Sticky Flame             Fire/Alch      24%        2d6       19%         4
 Alistair's Intoxication  Alch           22%        N/A       26%         5
 Airstrike                Air            7%         2d(2-18)  34%         4
 Animate Dead             Necr           15%        N/A       34%         4
 Brom's Barrelling Bould  Conj/Erth      15%        2d4       34%         4
 Dispel Undead            Necr           15%        3d10      34%         4
 Flame Wave               Conj/Fire      15%        2d7       34%         4
 Martyr's Knell           Necr/Summ      15%        N/A       34%         4
 Summon Blazeheart Golem  Fire/Summ      15%        N/A       34%         4
 Summon Lightning Spire   Summ/Air       15%        N/A       34%         4
 Irradiate                Conj/Alch      12%        3d15      45%         5
 Freezing Cloud           Conj/Ice/Air   8%         6-21      65%         5
 Arcjolt                  Conj/Air       7%         1d17      69%         5
 Fireball                 Conj/Fire      7%         3d5       69%         5
 Iskenderun's Battlesphe  Conj           15%        2d7       69%         5
 Lee's Rapid Deconstruct  Erth           7%         3d7*      69%         5
 Disjunction              Tloc           37%        N/A       71%         8
 Malign Gateway           Summ/Tloc      25%        N/A       89%         7
 Conjure Ball Lightning   Conj/Air       7%         3x3d6     99%         6
 Death Channel            Necr           7%         N/A       99%         6
 Starburst                Conj/Fire      7%         6d4       99%         6
 Discord                  Hex            31%        N/A       99%         8
 Haunt                    Necr/Summ      7%         N/A       100%        7
 Ozocubu's Refrigeration  Ice            10%        4d9       100%        7
 Spellforged Servitor     Conj/Summ      7%         N/A       100%        7
 Borgnjor's Revivificati  Necr           7%         N/A       100%        8
 Ignition                 Fire           7%         3d5       100%        8
 Lehudib's Crystal Spear  Conj/Erth      7%         10d3      100%        8
 Maxwell's Capacitive Co  Air            7%         ∞         100%        8
 Summon Horrible Things   Summ           7%         N/A       100%        8
 Death's Door             Necr           7%         N/A       100%        9
 Dragon's Call            Summ           7%         N/A       100%        9
 Dimensional Bullseye     Hex/Tloc       Unusable   N/A       N/A         4
 Animate Armour           Summ/Erth      Unusable   N/A       N/A         4

Dungeon Overview and Level Annotations

Branches:
Dungeon (15/15)            Temple (1/1) D:5            Lair (5/5) D:11
 Shoals (4/4) Lair:3       Spider (4/4) Lair:2        Slime (5/5) Lair:5
    Orc (2/2) D:12            Elf (3/3) Orc:2        Vaults (5/5) D:14
  Crypt (3/3) Vaults:2       Tomb (0/3) Crypt:3      Depths (4/4) D:15
    Zot (5/5) Depths:4      IceCv (visited)         Volcano (visited)

Altars:
Ashenzari
Cheibriados
Dithmenos
Elyvilon
Fedhas
Gozag
Hepliaklqana
Kikubaaqudgha
Makhleb
Nemelex Xobeh
Okawaru
Qazlal
Ru
Sif Muna
Trog
Uskayaw
Vehumet
Wu Jian
Xom
Yredelemnul
Zin
The Shining One

Shops:
D:5 (   Orc:2 *[(:[=   Vaults:1 [   Vaults:2 [*   Vaults:5 (   Depths:3 *

Portals:
Hell: Depths:1 Depths:2 Depths:3 Depths:4
Abyss: Depths:1 Depths:3
Pandemonium: Depths:2

Annotations:
D:10 2 transporters, freezingmoon's ghost, journeyman MiBe
D:14 4 transporters
Shoals:1 exclusion: door
Shoals:4 6 transporters
Elf:2 4 runed translucent doors, Quthut's ghost, adept DgIE
Vaults:1 Asterion
Zot:1 1 runed translucent door, Peimeda's ghost, legendary GnFE


Innate Abilities, Weirdness & Mutations

You are a fearsome dragon!
You have a powerful clawing attack.
Your giant scaled body is strong and resilient, but less evasive.
You can breathe fire.
You are flying.
Your maximum health is greatly increased.
((You have sharp claws.))
((You have razor-sharp teeth.))
You have supernaturally acute eyesight. (SInv)
((Your thick and shaggy fur keeps you warm. (AC +3, rC+)))
((Your paws help you pounce on unaware monsters.))
You are incapable of wielding weapons or throwing items.
You cannot wear armour.
You gain extra lives every three experience levels.
Your mind is acute. (Int +4, Str/Dex -1)
Your body sometimes deteriorates upon taking damage.
You passively dampen the noise of your surroundings.


Message History

Blink to where?
Press: ? - help, Dir - move target
As you read the scroll of blinking, it crumbles to dust.
You fly upwards.
There is a stone staircase leading down here.
There is an escape hatch in the ceiling here.
A mysterious force pulls you upwards. The hatch slams shut behind you.
A soul eater comes into view.
Casting: Vhi's Electric Charge (mildly dangerous; 2% risk of failure)
Confirm with . or Enter, or press ? or * to list all spells.
You can't see any susceptible monsters within range! (Use Z to cast anyway.)
Casting: Vhi's Electric Charge (mildly dangerous; 2% risk of failure)
Confirm with . or Enter, or press ? or * to list all spells.
Charge where?
Press: ? - help, Dir - move target, f - soul eater
Aim: a soul eater (wandering, hasn't noticed you, 89% to hit)
You charge forward with an electric crackle!
A demonspawn black sun and a demonspawn warmonger come into view.
The demonspawn warmonger is wielding a +0 vampiric demon trident, wearing a +0 plate armour of poison resistance and wearing a +0 tower shield of protection.
You maul the soul eater and electrocute it!!!!!
You kill the soul eater!
The Council accepts your kill.
The demonspawn black sun prays to Kikubaaqudgha.
The demonspawn black sun begins absorbing vital energies!
The demonspawn warmonger begins absorbing vital energies!
Your extra speed is starting to run out.
You feel as though your hastened speed will last longer.
There is an open gate here.
Blink to where?
Press: ? - help, Dir - move target
As you read the scroll of blinking, it crumbles to dust.
You feel very mighty all of a sudden.
You are mighty.
You are a fearsome dragon!
You are flying.
Your actions are hasted.
You are studying Dodging, Spellcasting, Invocations and Evocations.
Your flying speed is very quick.
Your attack delay is about 0.3.
Your damage rating with unarmed combat is about 110 (Base [33 + 25 (UC)] x 135% (Str) x 138% (Fight) + 2 (Slay)).
Your base attributes are Str 12, Int 21, Dex 21.
You feel more buoyant.
You have escaped!

♣♣♣ ♣♣♣.♣♣♣♣♣
♣♣♣.......♣♣♣
♣♣♣♣♣..8.D.8....♣♣
♣................♣♣
♣♣.................♣♣
♣.......8...8.......♣
♣#####.........#####♣
## ##.......## #.
##8...8#### ### ###.
###############'''###.#
#.# #...
..................# #.#
#.###.##


There were no monsters in sight!

Vanquished Creatures
  Dissolution (Slime:2)
  the Royal Jelly (Slime:5)
  2 dread liches
  2 orbs of fire
  A juggernaut (Depths:3)
  Josephina (Zot:1)
  Xtahua (Vaults:5)
  Boris (twice) (Crypt:1 Vaults:5)
  Vv (Depths:3)
  3 Killer Klowns (Zot:5)
  Bai Suzhen (Depths:1)
  3 curse toes
  6 caustic shrikes
  10 golden dragons
  A pandemonium lord (Zig:2)
  A profane servitor (Crypt:3)
  3 bone dragons
  A Tzitzimitl (Zot:1)
  3 doom hounds (Zot:1)
  2 electric golems
  Zenata (Vaults:1)
  13 tentacled monstrosities
  Jorgrun (Spider:2)
  4 liches
  A walking crystal tome (Depths:3)
  Grunn (Zot:1)
  21 Orb Guardians
  8 titans
  A walking frostbound tome (Depths:2)
  7 quicksilver dragons
  2 deep elf blademasters (Elf:3)
  A deep elf master archer (Elf:3)
  2 sphinxes (Vaults:5)
  2 krakens
  18 acid blobs
  13 ancient champions
  A death cob (Zot:5)
  12 shadow dragons
  2 tengu reavers
  6 protean progenitors
  14 storm dragons
  6 rockslimes (Slime:5)
  A revenant (Crypt:3)
  13 azure jellies
  9 draconian knights
  7 frost giants
  4 deep elf sorcerers
  13 fire giants
  6 ghost moths
  2 draconian scorchers
  3 emperor scorpions (Spider:4)
  6 draconian shifters
  5 iron dragons
  17 draconian monks
  19 vault wardens
  A curse skull (Crypt:2)
  9 deep elf elementalists (Elf:3)
  3 balrugs
  6 broodmothers
  4 ghouls
  A demonspawn corrupter (Zig:2)
  A reaper (Crypt:3)
  5 draconian annihilators
  12 draconian stormcallers
  An orc warlord (Vaults:4)
  7 formless jellyfish
  13 quicksilver oozes
  A broodmother (shapeshifter) (Depths:1)
  22 ironbound preservers
  A caustic shrike skeleton (Crypt:3)
  4 vampire knights
  6 ironbound thunderhulks
  17 stone giants
  4 spriggan defenders
  17 very ugly things
  13 black draconians
  10 green draconians
  5 deep elf death magi
  6 war gargoyles
  7 deep elf demonologists
  10 deep elf annihilators
  5 red draconians
  Azrael (Elf:1)
  6 dire elephants
  11 yellow draconians
  5 spark wasps
  7 white draconians
  16 purple draconians
  A crystal guardian (Vaults:2)
  6 eidola
  A mummy priest (Crypt:3)
  9 entropy weavers
  4 merfolk javelineers
  8 fire dragons
  10 ettins
  22 jiangshi
  13 merfolk impalers
  14 yaktaur captains
  52 vault guards
  A hell beast (Depths:1)
  3 deep elf high priests
  A spriggan zombie (Crypt:2)
  6 rakshasas
  A jorogumo (Spider:4)
  A peacekeeper (Vaults:2)
  14 great orbs of eyes
  A juggernaut simulacrum (Crypt:3)
  2 alligators (Zot:4)
  An ogre mage (Vaults:5)
  A two-headed ogre (D:14)
  Erolcha (D:9)
  3 catoblepae
  7 centaur warriors
  A satyr (Shoals:4)
  6 merfolk aquamancers
  4 spriggan air magi
  7 boulder beetles
  8 merfolk avatars
  8 radroaches
  8 ironbound frosthearts
  3 alligator snapping turtles
  11 ice dragons
  6 death knights
  4 tengu warriors
  9 deep troll shamans
  8 spriggan berserkers
  A two-headed ogre (shapeshifter) (D:15)
  6 demonic crawlers
  7 vampire magi
  A hell hog (Depths:1)
  12 deep troll earth magi
  3 orc high priests
  2 occultists (Volcano)
  A bennu skeleton (Crypt:3)
  5 soul eaters
  A skyshark (shapeshifter) (Depths:4)
  A fire crab (shapeshifter) (D:14)
  4 sun demons
  10 iron trolls
  34 skeletal warriors
  7 deep elf knights
  2 shadow wraiths
  4 skysharks
  8 hell knights
  A titan skeleton (Depths:2)
  8 pharaoh ants
  2 spark wasp zombies
  A goliath frog (Zot:4)
  A shadow demon (Depths:1)
  2 sun moths (Spider:4)
  5 glowing orange brains
  A golden dragon zombie (Depths:2)
  11 phantasmal warriors
  50 deep trolls
  15 ironbound convokers
  11 sea snakes
  8 orb spiders
  4 flayed ghosts
  11 arcanists
  5 bog bodies
  3 orc knights
  An orange crystal statue (Zot:5)
  Pikel (D:9)
  13 steelbarb worms
  11 necromancers
  6 deep elf archers
  An alligator zombie (Crypt:2)
  A death drake (shapeshifter) (Vaults:5)
  3 tengu skeletons (Vaults:2)
  13 lindwurms
  9 orc sorcerers
  21 deep elf zephyrmancers
  20 deep elf pyromancers
  20 wolf spiders
  A goliath frog zombie (Crypt:3)
  19 harpies
  66 ugly things
  3 human zombies
  A goliath frog skeleton (Crypt:2)
  27 moths of wrath
  4 shining eyes (Slime:5)
  A faun (shapeshifter) (Vaults:5)
  3 oklob plants (Lair:5)
  8 cyclopes
  An iron dragon skeleton (Crypt:2)
  8 fauns
  24 manticores
  2 kobold blastminers (Orc:1)
  9 water nymphs
  A stone giant zombie (Crypt:2)
  3 eyes of devastation
  6 merfolk sirens
  2 black mambas (Lair:5)
  5 toenail golems (Volcano)
  9 meliai
  A meliai (shapeshifter) (Vaults:5)
  An elephant (shapeshifter) (Elf:1)
  A stone giant skeleton (Crypt:2)
  17 vault sentinels
  4 torpor snails
  An unseen horror (D:12)
  Maggie (D:6)
  3 smoke demons (Depths:1)
  2 storm dragon simulacra (Zot:1)
  A gargoyle (D:12)
  16 cane toads
  2 naga skeletons (Crypt:3)
  A purple draconian zombie (Crypt:3)
  41 yaktaurs
  An efreet (D:15)
  A rime drake (shapeshifter) (D:13)
  7 freezing wraiths
  A red draconian zombie (Crypt:3)
  6 rime drakes
  3 yaktaur skeletons
  A yaktaur (shapeshifter) (Depths:2)
  8 komodo dragons
  A black draconian skeleton (Crypt:2)
  A yellow draconian zombie (Crypt:3)
  A tengu conjurer (Depths:4)
  2 ice devils (Lair:4)
  A red devil (Depths:1)
  A white draconian skeleton (Crypt:1)
  3 guardian mummies (Crypt:3)
  9 trolls
  A harpy zombie (Crypt:2)
  A minotaur skeleton (Crypt:1)
  31 merfolk
  4 hornets
  7 wind drakes
  6 polar bears
  22 tarantellas
  13 blink frogs
  2 tyrant leeches (Zot:4)
  Prince Ribbit (D:8)
  2 harpy skeletons
  A frost giant simulacrum (Depths:2)
  3 glass eyes
  11 snapping turtles
  3 snapping turtles (shapeshifter) (Vaults:5)
  4 spriggans
  An elf skeleton (Vaults:2)
  A fire dragon skeleton (Crypt:1)
  15 jumping spiders
  2 shadows (D:11)
  28 culicivoras
  76 slime creatures
  34 yaks
  4 vampires
  21 water elementals
  5 wyverns
  8 wraiths
  5 air elementals
  5 humans (Volcano)
  A dire elephant simulacrum (Crypt:2)
  2 basilisks
  4 golden eyes
  3 wargs
  4 fire elementals
  2 steam dragons (Lair:5)
  43 redbacks
  A black draconian simulacrum (Zot:1)
  A glowing shapeshifter zombie (Vaults:3)
  3 vampire mosquitoes (D:15)
  A yaktaur simulacrum (Vaults:3)
  13 dancing weapons
  2 harpy simulacra
  An acid dragon (D:5)
  A two-headed ogre zombie (Crypt:3)
  2 hell hounds (Elf:1)
  Duvessa (D:6)
  A moth of wrath simulacrum (Zot:1)
  8 water moccasins
  A hydra simulacrum (IceCv)
  3 ice beasts
  30 orc warriors
  5 glowing shapeshifter skeletons (Vaults:2)
  2 laughing skulls (D:14)
  3 black bears
  A cane toad skeleton (Crypt:2)
  A sky beast (D:7)
  A manticore zombie (Crypt:2)
  A tengu (shapeshifter) (D:13)
  4 ogres
  3 human skeletons
  28 wolves
  5 boggarts
  An elephant skeleton (Crypt:2)
  A phantom (D:6)
  10 centaurs
  4 kobold brigands
  A lemure (D:9)
  A rime drake zombie (Crypt:1)
  2 gnoll sergeants
  5 bullfrogs
  A cane toad simulacrum (IceCv)
  A glowing shapeshifter simulacrum (Vaults:3)
  2 necrophages (Crypt:2)
  6 earth elementals
  8 wights
  Dowan (D:6)
  A hornet simulacrum (D:15)
  A polar bear zombie (Crypt:2)
  A troll zombie (Crypt:3)
  An elephant simulacrum (IceCv)
  A shapeshifter zombie (Crypt:2)
  9 killer bees
  2 electric eels (D:11)
  A polar bear skeleton (Crypt:3)
  5 howler monkeys
  32 orc priests
  6 hounds
  A jelly (D:5)
  3 gnoll boudas
  3 iguanas
  2 sleepcaps
  40 orc wizards
  A polar bear simulacrum (IceCv)
  A sky beast zombie (Crypt:1)
  A crocodile skeleton (Crypt:1)
  A deep dwarf skeleton (Crypt:1)
  6 mummies (Crypt:3)
  11 adders
  25 gnolls
  A howler monkey skeleton (Crypt:1)
  3 shadow imps
  5 dart slugs
  80 orcs
  10 ball pythons
  A bat zombie (Crypt:3)
  9 endoplasms
  3 giant cockroaches
  11 hobgoblins
  6 quokkas
  4 bats
  5 frilled lizards
  8 goblins
  15 kobolds
  A rat (D:1)
  A river rat skeleton (Crypt:3)
  4 aspiring fleshes
  13 butterflies (Vaults:3)
  4 tentacles
2383 creatures vanquished.

Vanquished Creatures (collateral kills)
  A deep elf master archer (Elf:3)
  A radroach (Spider:1)
  A wraith (D:15)
  An ogre (D:6)
  A wight (D:7)
  3 gnolls
  3 orcs
11 creatures vanquished.

Vanquished Creatures (others)
  An iron dragon (Depths:2)
  A vampire knight (Depths:2)
  A purple draconian (Zot:3)
  A deep elf knight (Zig:4)
  A pharaoh ant (Spider:4)
  2 deep elf archers
  A deep elf zephyrmancer (Elf:3)
  A wolf spider (Spider:3)
  A merfolk (Shoals:4)
  A tarantella (Spider:2)
  13 dancing weapons
  A redback (Spider:2)
  A boggart (Vaults:1)
  18 tentacles
44 creatures vanquished.

Grand Total: 2438 creatures vanquished

Notes
Turn   | Place    | Note
-------+----------+-------------------------------------------
     0 | D:1      | RepoMan the Felid Enchanter began the quest for the Orb.
     0 | D:1      | Reached XP level 1. HP: 9/9 MP: 4/4
   221 | D:1      | Reached XP level 2. HP: 9/13 MP: 6/6
   259 | D:1      | Killed from afar by a dart slug
   259 | D:1      | Lost a life (0 lives remaining)
   415 | D:1      | Reached XP level 3. HP: 15/16 MP: 7/7
   418 | D:1      | Learned a level 2 spell: Ensorcelled Hibernation
   422 | D:1      | Learned a level 3 spell: Confusing Touch
  1470 | D:2      | Reached XP level 4. HP: 21/21 MP: 8/8
  1470 | D:2      | Gained a life (1 life remaining)
  1829 | D:3      | Found a glowing golden altar of the Shining One.
  1829 | D:3      | Found a sacrificial altar of Ru.
  2653 | D:4      | Reached skill level 1 in Ice Magic
  2691 | D:4      | Learned a level 2 spell: Blink
  2736 | D:4      | Reached skill level 5 in Hexes
  3009 | D:4      | Reached XP level 5. HP: 24/24 MP: 9/9
  3074 | D:4      | Noticed an orc warrior
  3381 | D:5      | Entered Level 5 of the Dungeon
  3443 | D:5      | Noticed an ogre
  3454 | D:5      | Killed an ogre
  3472 | D:5      | Reached skill level 5 in Stealth
  3472 | D:5      | Gained mutation: You are covered in thick fur. (AC +2)
                  | [Felid growth]
  3472 | D:5      | Reached XP level 6. HP: 15/29 MP: 3/10
  3566 | D:5      | Noticed an acid dragon
  3579 | D:5      | Killed an acid dragon
  3580 | D:5      | Reached skill level 1 in Fighting
  3679 | D:5      | Found Qubis's Weapon Emporium.
  3875 | D:5      | Found a staircase to the Ecumenical Temple.
  3887 | Temple   | Entered the Ecumenical Temple
  3960 | Temple   | Became a worshipper of the Wu Jian Council
  3991 | D:5      | Reached XP level 7. HP: 34/34 MP: 11/11
  3991 | D:5      | Gained a life (2 lives remaining)
  4059 | D:5      | Reached skill level 5 in Unarmed Combat
  4301 | D:5      | Reached skill level 1 in Translocations
  4383 | D:5      | Found a glowing silver altar of Zin.
  4515 | D:5      | Learned a level 3 spell: Tukima's Dance
  4668 | D:4      | Killed from afar by an orc priest
  4668 | D:4      | Lost a life (1 life remaining)
  4888 | D:6      | Reached skill level 5 in Dodging
  4915 | D:6      | Noticed Dowan
  4931 | D:6      | Killed Dowan
  4932 | D:6      | Reached skill level 1 in Shapeshifting
  5008 | D:6      | Noticed Maggie
  5017 | D:6      | Noticed Duvessa
  5022 | D:6      | Killed Duvessa
  5048 | D:6      | Reached XP level 8. HP: 39/39 MP: 12/12
  5337 | D:6      | Reached * piety under Wu Jian
  6453 | D:7      | Reached XP level 9. HP: 40/45 MP: 6/13
  6697 | D:7      | Reached ** piety under Wu Jian
  8349 | D:8      | Reached skill level 5 in Fighting
  8901 | D:8      | Noticed Prince Ribbit
  8903 | D:8      | Killed Prince Ribbit
  9053 | D:9      | Noticed Erolcha
  9296 | D:9      | Noticed a troll
  9300 | D:9      | Killed a troll
  9301 | D:9      | Reached XP level 10. HP: 53/53 MP: 14/14
  9301 | D:9      | Gained a life (2 lives remaining)
  9425 | D:9      | Noticed Pikel
  9433 | D:9      | Killed Pikel
  9514 | D:8      | Reached *** piety under Wu Jian
 10111 | D:9      | Killed Erolcha
 10154 | D:10     | Entered Level 10 of the Dungeon
 10159 | D:10     | Found a transporter.
 10172 | D:10     | Found a transporter.
 10179 | D:10     | Reached skill level 10 in Unarmed Combat
 10179 | D:10     | Noticed freezingmoon's ghost (journeyman MiBe)
 10363 | D:10     | Reached skill level 5 in Shapeshifting
 10769 | D:9      | Reached XP level 11. HP: 53/58 MP: 11/15
 10811 | D:10     | Reached skill level 10 in Dodging
 11132 | D:10     | Found a white marble altar of Elyvilon.
 11522 | D:11     | Reached **** piety under Wu Jian
 11693 | D:11     | Noticed a boulder beetle
 11745 | D:11     | Killed a boulder beetle
 11890 | D:11     | Found a staircase to the Lair.
 12334 | Lair:1   | Entered Level 1 of the Lair of Beasts
 13495 | Lair:1   | Gained mutation: Your thick and shaggy fur keeps you warm.
                  | (AC +3, rC+) [Felid growth]
 13495 | Lair:1   | Reached XP level 12. HP: 63/65 MP: 12/16
 13989 | Lair:2   | Found a shadowy altar of Dithmenos.
 14440 | Lair:2   | Found a hole to the Spider Nest.
 14570 | Lair:3   | Reached ***** piety under Wu Jian
 14952 | Lair:3   | Found a radiant altar of Vehumet.
 15006 | Lair:3   | Reached skill level 10 in Shapeshifting
 15703 | Lair:3   | Found a staircase to the Shoals.
 15985 | Lair:4   | Identified the +0 cloak "Irateh" {rF+ Int-2 Dex+5}
 15996 | Lair:4   | Found a frozen archway.
 16103 | IceCv    | Entered an ice cave
 16189 | IceCv    | Found a transporter.
 16204 | IceCv    | Found a transporter.
 16522 | Lair:4   | Reached XP level 13. HP: 42/68 MP: 13/17
 17573 | Lair:5   | Entered Level 5 of the Lair of Beasts
 19519 | D:12     | Found a staircase to the Orcish Mines.
 19694 | D:13     | Reached XP level 14. HP: 71/73 MP: 18/18
 20242 | Orc:1    | Entered Level 1 of the Orcish Mines
 20943 | Orc:2    | Entered Level 2 of the Orcish Mines
 20950 | Orc:2    | Found Naihoguss's Jewellery Shop.
 20958 | Orc:2    | Bought a ring of protection from fire for 275 gold pieces
 20979 | Orc:2    | Reached skill level 15 in Shapeshifting
 21009 | Orc:2    | Found a dark tunnel.
 21016 | Volcano  | Entered a volcano
 21337 | Orc:2    | Found a staircase to the Elven Halls.
 21484 | Orc:2    | Found Xaack's Self-Improvement Boutique.
 21514 | Orc:2    | Gained mutation: You are weak. (Str -2) [a neqoxec]
 21566 | Orc:2    | Found Ulimm's Armour Shoppe.
 21566 | Orc:2    | Found Tokux's Antique Armour Emporium.
 21566 | Orc:2    | Found Bifadd's Antique Weapon Emporium.
 21569 | Orc:2    | Found Otwia's General Store.
 21665 | Orc:2    | Bought a scroll of identify for 26 gold pieces
 21665 | Orc:2    | Bought a potion of enlightenment for 65 gold pieces
 21665 | Orc:2    | Bought a wand of digging (2) for 109 gold pieces
 21665 | Orc:2    | Bought 3 scrolls of identify for 78 gold pieces
 21665 | Orc:2    | Bought a scroll of blinking for 97 gold pieces
 21730 | Orc:2    | Bought a manual of Spellcasting for 880 gold pieces
 22057 | D:14     | Found a transporter.
 22058 | D:14     | Noticed a vault warden
 22062 | D:14     | Found an ornate altar of the Wu Jian Council.
 22218 | D:14     | Found a transporter.
 22222 | D:14     | Found an ornate altar of the Wu Jian Council.
 22223 | D:14     | Found a transporter.
 22251 | D:14     | Found a transporter.
 22502 | D:14     | Found a gate to the Vaults.
 22776 | D:14     | Reached XP level 15. HP: 62/79 MP: 20/22
 22855 | D:15     | Entered Level 15 of the Dungeon
 23121 | D:15     | Found a staircase to the Depths.
 23238 | D:15     | Found a shadowy altar of Dithmenos.
 23292 | D:15     | Reached ****** piety under Wu Jian
 24039 | D:6      | Killed Maggie
 24283 | Spider:1 | Entered Level 1 of the Spider Nest
 24374 | Spider:1 | Reached skill level 10 in Fighting
 25050 | Spider:1 | Reached skill level 15 in Unarmed Combat
 25226 | Spider:2 | Noticed Jorgrun
 25233 | Spider:2 | Killed Jorgrun
 25240 | Spider:2 | Identified the +3 rapier of Generosity {speed, rN+ Will+
                  | SInv Stlth+}
 25281 | Spider:2 | Reached XP level 16. HP: 86/86 MP: 23/23
 25294 | Spider:2 | You fall into a shaft and drop 1 floor!
 26142 | Spider:4 | Entered Level 4 of the Spider Nest
 26345 | Spider:4 | Identified 3 scrolls of acquirement
 26407 | Spider:4 | Reached skill level 15 in Dodging
 27204 | Spider:4 | Reached XP level 17. HP: 93/93 MP: 24/24
 27495 | Spider:4 | Identified the +3 pair of boots of the Lion {Dex+3}
 27513 | Spider:4 | Got a gossamer rune of Zot
 27617 | Spider:4 | Acquired 578 gold pieces
 27618 | Spider:4 | Acquired 929 gold pieces
 27619 | Spider:4 | Acquired 429 gold pieces
 27814 | Shoals:1 | Entered Level 1 of the Shoals
 27892 | Shoals:1 | Identified the +1 robe "Zeprife" {rElec rN+ Dex+5}
 28177 | Shoals:1 | Learned a level 1 spell: Apportation
 29198 | Shoals:2 | Identified the +6 long sword "Jumynal" {freeze, rPois Will+
                  | Int+5}
 29403 | Shoals:2 | Identified the +3 scale mail "Xankut" {Will+}
 29865 | Shoals:2 | Found an iron altar of Okawaru.
 29870 | Shoals:2 | Noticed a kraken
 29901 | Shoals:2 | Killed a kraken
 30478 | Shoals:3 | Noticed a kraken
 30505 | Shoals:3 | Killed a kraken
 31087 | Shoals:4 | Entered Level 4 of the Shoals
 31096 | Shoals:4 | Identified the amulet "Put-Me-On" {RegenMP rElec Regen+}
 31194 | Shoals:4 | Reached XP level 18. HP: 96/99 MP: 25/25
 31211 | Shoals:4 | Found the -2 hat of the Alchemist {rElec rPois rF+ rC+ rN+
                  | Will+ rMut rCorr}
 31561 | Shoals:4 | Found a transporter.
 31564 | Shoals:4 | Found a transporter.
 31621 | Shoals:4 | Found a transporter.
 31622 | Shoals:4 | Found a transporter.
 31748 | Shoals:4 | Found a transporter.
 31754 | Shoals:4 | Found a transporter.
 32200 | Shoals:4 | Reached skill level 1 in Evocations
 32220 | Shoals:4 | Got a barnacled rune of Zot
 32607 | Elf:1    | Entered Level 1 of the Elven Halls
 32909 | Elf:1    | Got Asmodeus's Cyclopedia of Impulse
 33344 | Elf:1    | Noticed Azrael
 33349 | Elf:1    | Killed Azrael
 33508 | Elf:2    | Noticed Quthut's ghost (adept DgIE)
 33534 | Elf:2    | Found a runed translucent door.
 33610 | Elf:2    | Acquired the amulet "Sitiq" {Spirit rElec rC++ Dex+3}
 33760 | Elf:2    | Found a runed translucent gate.
 33761 | Elf:2    | Found a runed translucent gate.
 33761 | Elf:2    | Found a runed translucent gate.
 33904 | Elf:3    | Entered Level 3 of the Elven Halls
 34613 | Elf:3    | Reached XP level 19. HP: 105/105 MP: 26/26
 34630 | Elf:3    | Identified the +8 trident of Wariness {drain, ^Drain rF++
                  | rC+ SInv}
 34630 | Elf:3    | Identified the amulet "Uhouppol" {Acrobat rElec rF- MP+9
                  | SInv}
 34833 | Elf:3    | Reached skill level 5 in Evocations
 34911 | Elf:3    | Identified the +8 halberd of Defence by Offence {freeze,
                  | *Noise rPois Str+7}
 35052 | Elf:3    | Got the Thoughts on the Chilly Salvo
 35062 | Elf:3    | Found the +3 hat of Pondering {ponderous, Will+ MP+10
                  | Int+5}
 35073 | Elf:3    | Identified the +5 chain mail "Asihot" {Harm}
 35107 | Elf:3    | Got Sif Muna's Precepts of Outbursts and the Excursion
 35149 | Elf:3    | Identified the staff of Hoarrot {rElec rPois Will- Necro
                  | Alchemy}
 35438 | Vaults:1 | Entered Level 1 of the Vaults
 35547 | Vaults:1 | Acquired a manual of Fighting
 35745 | Vaults:1 | Found Xitzaem's Antique Armour Shoppe.
 36299 | Vaults:1 | Noticed Asterion
 36341 | Vaults:1 | Noticed Zenata
 36385 | Vaults:1 | Killed Zenata
 37008 | Vaults:2 | Found Fiororgh's Armour Emporium.
 37031 | Vaults:2 | Reached skill level 15 in Fighting
 37427 | Vaults:2 | Acquired a manual of Fighting
 37437 | Vaults:2 | Identified the +7 mace of Imminent Death {freeze, *Rage
                  | Will+ Str+4}
 37453 | Vaults:2 | Reached XP level 20. HP: 108/113 MP: 21/27
 37633 | Vaults:2 | Identified the +1 leather armour of Boulirud {^Drain rCorr
                  | Dex-3 SInv}
 37812 | Vaults:2 | Reached skill level 10 in Stealth
 38040 | Vaults:2 | Found a staircase to the Crypt.
 38096 | Vaults:2 | Found Huokhem's Assorted Antiques.
 38103 | Vaults:2 | Bought a scroll of revelation for 232 gold pieces
 38103 | Vaults:2 | Bought 2 scrolls labelled CEULYNO DERONA for 62 gold pieces
 38775 | Vaults:3 | Found a huge runed translucent gate.
 38775 | Vaults:3 | Found a huge runed translucent gate.
 38775 | Vaults:3 | Found a huge runed translucent gate.
 38775 | Vaults:3 | Found a huge runed translucent gate.
 38775 | Vaults:3 | Found a huge runed translucent gate.
 38776 | Vaults:3 | Found a huge runed translucent gate.
 38776 | Vaults:3 | Found a huge runed translucent gate.
 38776 | Vaults:3 | Found a huge runed translucent gate.
 38776 | Vaults:3 | Found a huge runed translucent gate.
 38776 | Vaults:3 | Found a huge runed translucent gate.
 38777 | Vaults:3 | Found a huge runed translucent gate.
 38777 | Vaults:3 | Found a huge runed translucent gate.
 38778 | Vaults:3 | Found a huge runed translucent gate.
 38779 | Vaults:3 | Found a huge runed translucent gate.
 38780 | Vaults:3 | Found a huge runed translucent gate.
 38780 | Vaults:3 | Found a huge runed translucent gate.
 38787 | Vaults:3 | Found a huge runed translucent gate.
 38788 | Vaults:3 | Found a huge runed translucent gate.
 38788 | Vaults:3 | Found a huge runed translucent gate.
 38788 | Vaults:3 | Found a huge runed translucent gate.
 38788 | Vaults:3 | Found a huge runed translucent gate.
 38790 | Vaults:3 | Found a huge runed translucent gate.
 38791 | Vaults:3 | Found a huge runed translucent gate.
 38792 | Vaults:3 | Found a huge runed translucent gate.
 38792 | Vaults:3 | Found a huge runed translucent gate.
 38797 | Vaults:3 | Found a huge runed translucent gate.
 38799 | Vaults:3 | Found a huge runed translucent gate.
 38801 | Vaults:3 | Found a huge runed translucent gate.
 38920 | Vaults:3 | Found a huge runed translucent gate.
 38920 | Vaults:3 | Found a huge runed translucent gate.
 38920 | Vaults:3 | Found a huge runed translucent gate.
 38920 | Vaults:3 | Found a huge runed translucent gate.
 38920 | Vaults:3 | Found a huge runed translucent gate.
 38920 | Vaults:3 | Found a huge runed translucent gate.
 38920 | Vaults:3 | Found a huge runed translucent gate.
 38920 | Vaults:3 | Found a huge runed translucent gate.
 39612 | Vaults:4 | Found a flickering gateway to a bazaar.
 39621 | Bazaar   | Entered a bazaar
 39635 | Bazaar   | Found Teso's Weapon Shoppe.
 39635 | Bazaar   | Found Xagisecs's General Store.
 39657 | Bazaar   | Found Wanaff's Assorted Antiques.
 39657 | Bazaar   | Found Laredite's Magic Scroll Emporium.
 39722 | Bazaar   | Bought a scroll of teleportation for 42 gold pieces
 39722 | Bazaar   | Bought a scroll of teleportation for 42 gold pieces
 39728 | Bazaar   | Bought a scroll of teleportation for 57 gold pieces
 39728 | Bazaar   | Bought a scroll of blinking for 142 gold pieces
 39728 | Bazaar   | Bought a scroll of blinking for 142 gold pieces
 39728 | Bazaar   | Bought a potion of enlightenment for 95 gold pieces
 39728 | Bazaar   | Bought a dented peridot amulet for 95 gold pieces
 39743 | Bazaar   | Bought a scroll of poison for 24 gold pieces
 39743 | Bazaar   | Bought a wand of roots (4) for 57 gold pieces
 39743 | Bazaar   | Bought a scroll of poison for 24 gold pieces
 40196 | Vaults:4 | Reached XP level 21. HP: 121/121 MP: 28/28
 40197 | Vaults:4 | Found the +9 sword of Power {lifebolt}
 40544 | Vaults:4 | Learned a level 4 spell: Manifold Assault
 40551 | Vaults:4 | Learned a level 6 spell: Dispersal
 40954 | Crypt:1  | Entered Level 1 of the Crypt
 41899 | Crypt:1  | Reached skill level 5 in Translocations
 41902 | Crypt:1  | Reached skill level 5 in Spellcasting
 42021 | Crypt:1  | Noticed Boris
 42025 | Crypt:1  | Killed Boris
 42702 | Crypt:3  | Entered Level 3 of the Crypt
 43164 | Crypt:3  | Paralysed by a vampire knight for 2 turns
 43171 | Crypt:3  | Noticed a profane servitor
 43177 | Crypt:3  | Killed a profane servitor
 43261 | Crypt:3  | Found an ancient bone altar of Kikubaaqudgha.
 43263 | Crypt:3  | Found a basalt altar of Yredelemnul.
 43274 | Crypt:3  | Identified the ring "Qenne" {rN+ Will++ rCorr MP+9 Dex-3}
 43274 | Crypt:3  | Identified the ring of Hiholop {rN+ Str+3 Int+3}
 43336 | Crypt:3  | Identified the ring of Jirghacle {rC+ Str+6}
 43447 | Crypt:3  | Reached XP level 22. HP: 128/128 MP: 29/34
 43591 | Crypt:3  | Found a staircase to the Tomb.
 44067 | Depths:1 | Entered Level 1 of the Depths
 44154 | Depths:1 | Noticed Bai Suzhen
 44163 | Depths:1 | Killed Bai Suzhen
 44195 | Depths:1 | Found a gateway to Hell.
 44199 | Depths:1 | Identified the +10 long sword "Qasmahoy" {flame, rElec
                  | rCorr Str-4 Dex+7}
 44202 | Depths:1 | Identified the +2 demon trident "Rivvionn" {vamp, rC+ rN+
                  | Will-}
 44365 | Depths:1 | Found a portal to a secret trove of treasure.
 44443 | Depths:1 | Found a one-way gate to the infinite horrors of the Abyss.
 44689 | Depths:1 | Found a one-way gateway to a ziggurat.
 44743 | Depths:2 | Reached skill level 10 in Translocations
 44865 | Depths:2 | Found a one-way gate leading to the halls of Pandemonium.
 44916 | Depths:2 | Noticed a golden dragon
 44916 | Depths:2 | Noticed a caustic shrike
 44927 | Depths:2 | Killed a caustic shrike
 45145 | Depths:2 | Killed a golden dragon
 45224 | Depths:2 | Reached XP level 23. HP: 123/135 MP: 35/37
 45231 | Depths:2 | Found the +5 glaive of the Guard {elec, spectral}
 45725 | Depths:2 | Reached skill level 10 in Spellcasting
 46294 | Depths:3 | Found Ecsy's Eclectic Emporium.
 46302 | Depths:3 | Bought a manual of Evocations for 960 gold pieces
 46302 | Depths:3 | Bought a potion of experience for 600 gold pieces
 46302 | Depths:3 | Bought a potion of enlightenment for 60 gold pieces
 46302 | Depths:3 | Reached XP level 24. HP: 142/142 MP: 38/38
 46795 | Depths:3 | Noticed Vv
 46800 | Depths:3 | Killed Vv
 46817 | Depths:3 | Noticed a juggernaut
 46850 | Depths:3 | Killed a juggernaut
 46886 | Depths:3 | Identified the quicksilver dragon scales of Lugonu's Favour
                  | {rF+ Will+ Str-4 Dex+4}
 47341 | Depths:4 | Entered Level 4 of the Depths
 47576 | Depths:4 | Found an iron altar of Okawaru.
 47936 | Depths:4 | Found a gate to the Realm of Zot.
 48672 | Lair:5   | Found a staircase to the Slime Pits.
 48690 | Slime:1  | Entered Level 1 of the Pits of Slime
 48713 | Slime:2  | Noticed Dissolution
 48714 | Slime:2  | Killed Dissolution
 48792 | Slime:5  | Entered Level 5 of the Pits of Slime
 48794 | Slime:5  | Found the +8 lance "Wyrmbane" {slay drac, rPois rF+ rC+
                  | AC+3}
 48836 | Slime:5  | Reached XP level 25. HP: 148/148 MP: 39/39
 48958 | Slime:5  | Gained mutation: You occasionally lose the ability to read
                  | scrolls when taking damage. [a shining eye]
 48965 | Slime:5  | Gained mutation: You are clumsy. (Dex -2) [a shining eye]
 48971 | Slime:5  | Lost mutation: You are weak. (Str -2) [potion of mutation]
 48971 | Slime:5  | Lost mutation: You occasionally lose the ability to read
                  | scrolls when taking damage. [potion of mutation]
 48971 | Slime:5  | Lost mutation: You are clumsy. (Dex -2) [potion of
                  | mutation]
 48971 | Slime:5  | Gained mutation: You have a pair of small antennae on your
                  | head. [potion of mutation]
 48971 | Slime:5  | Gained mutation: You are frail. (-10% HP) [potion of
                  | mutation]
 48971 | Slime:5  | Gained mutation: You have an increased reservoir of magic.
                  | (+10% MP) [potion of mutation]
 48971 | Slime:5  | Gained mutation: You are somewhat resistant to further
                  | mutation. [potion of mutation]
 49017 | Slime:5  | Noticed the Royal Jelly
 49048 | Slime:5  | Killed the Royal Jelly
 49102 | Slime:5  | Got a starry gem with 11 turns to spare
 49108 | Slime:5  | Lost the starry gem through the power of Zot.
 49118 | Slime:5  | Got a slimy rune of Zot
 49135 | Slime:5  | Learned a level 4 spell: Vhi's Electric Charge
 49140 | Slime:5  | Learned a level 4 spell: Passage of Golubria
 49146 | Slime:5  | Learned a level 5 spell: Yara's Violent Unravelling
 49204 | Slime:5  | Identified the +5 ring mail of Greater Demons {rC+ rN+ MP+9
                  | Int-5}
 49206 | Slime:5  | Got Sif Muna's Precepts of Tectonic Blasting
 49264 | Slime:5  | Identified the amulet "Ynilib" {Faith Rampage rC+ Int-2
                  | Dex+4}
 49340 | Slime:5  | Identified the +6 falchion "Killer Klown's Bane" {speed,
                  | rF++ rN+}
 49343 | Slime:5  | Identified the +6 rapier "Eviscerator" {protect, Dex+3
                  | Stlth+}
 49755 | Depths:1 | You showed the slimy rune of Zot to enter a treasure trove
 49756 | Trove    | Entered a treasure trove
 49756 | Trove    | Found the Hermit's Pendant {Faith Invo=14 Evo=0 MP+5}
 49758 | Trove    | Identified the ring of Wanitez {rPois rC+ Int+4 Dex+3
                  | Stlth-}
 49767 | Trove    | Identified the ring of Foriraonk {AC+4 Str+3 Slay+2}
 49769 | Trove    | Identified the ring "Juisu" {Wiz Will+}
 49771 | Trove    | Identified the ring of Amoilid {rPois Str+6}
 49774 | Trove    | Identified the amulet "Piang" {Spirit -Tele Rampage rC+++
                  | Int-3}
 49776 | Trove    | Identified the ring of Eqituri {MP+9 Str+3}
 49779 | Trove    | Identified the ring "Dofow" {Ice Int+4}
 49784 | Trove    | Identified the ring of Enuwnoxty {rF+ rN+ Int+3}
 50064 | Vaults:5 | Entered Level 5 of the Vaults
 50090 | Vaults:5 | Reached skill level 1 in Alchemy
 50149 | Vaults:5 | Noticed a dread lich
 50153 | Vaults:5 | Killed a dread lich
 50169 | Vaults:5 | Noticed Boris
 50173 | Vaults:5 | Killed Boris
 50256 | Vaults:5 | Noticed Xtahua
 50265 | Vaults:5 | Killed Xtahua
 50557 | Vaults:5 | Identified the +1 buckler of the Kettle-Drum {rN+ Int+3}
 50606 | Vaults:5 | Got a silver rune of Zot
 50687 | Vaults:5 | Found Hiarch's Weapon Shop.
 50915 | Vaults:5 | Identified the +1 robe of Axtate {Rampage rCorr Dex+3 SInv}
 50933 | Vaults:5 | Reached XP level 26. HP: 140/140 MP: 36/42
 50992 | Vaults:5 | Got the Thoughts on Twinkling Effluvium
 50993 | Vaults:5 | Identified the +3 leather armour of Rutwumau {+Blink rN+
                  | Dex+2 Stlth-}
 50999 | Vaults:5 | Got the Precepts of the Map and Quicksand
 51290 | Vaults:5 | Identified the staff "Lifoqi" {rPois Str+3 Alchemy}
 51406 | Vaults:5 | Identified the staff "Xiaf" {Int+2 Earth}
 51467 | Vaults:5 | Found the +2 cloak of the Thief {*Fog Slay-2 SInv Stlth+}
 51753 | Depths:1 | Lost mutation: You have an increased reservoir of magic.
                  | (+10% MP) [potion of mutation]
 51753 | Depths:1 | Lost mutation: You have a pair of small antennae on your
                  | head. [potion of mutation]
 51753 | Depths:1 | Lost mutation: You are somewhat resistant to further
                  | mutation. [potion of mutation]
 51753 | Depths:1 | Gained mutation: Your mind is acute. (Int +4, Str/Dex -1)
                  | [potion of mutation]
 51753 | Depths:1 | Gained mutation: Your flesh is heat resistant. (rF+)
                  | [potion of mutation]
 51753 | Depths:1 | Gained mutation: You have a pair of small antennae on your
                  | head. [potion of mutation]
 51754 | Depths:1 | Lost mutation: Your mind is acute. (Int +4, Str/Dex -1)
                  | [potion of mutation]
 51754 | Depths:1 | Lost mutation: Your flesh is heat resistant. (rF+) [potion
                  | of mutation]
 51754 | Depths:1 | Gained mutation: Your skin changes colour to match your
                  | surroundings (Stealth+). [potion of mutation]
 51754 | Depths:1 | Gained mutation: You expend magic power (3 MP) to
                  | strengthen your wands. [potion of mutation]
 51755 | Depths:1 | Lost mutation: You expend magic power (3 MP) to strengthen
                  | your wands. [potion of mutation]
 51755 | Depths:1 | Lost mutation: You have a pair of small antennae on your
                  | head. [potion of mutation]
 51755 | Depths:1 | Gained mutation: You do not regenerate when monsters are
                  | visible. [potion of mutation]
 51755 | Depths:1 | Gained mutation: You are partially covered in iridescent
                  | scales. (AC +2) [potion of mutation]
 51756 | Depths:1 | Lost mutation: You are partially covered in iridescent
                  | scales. (AC +2) [potion of mutation]
 51756 | Depths:1 | Lost mutation: You are frail. (-10% HP) [potion of
                  | mutation]
 51756 | Depths:1 | Lost mutation: Your skin changes colour to match your
                  | surroundings (Stealth+). [potion of mutation]
 51756 | Depths:1 | Gained mutation: You possess an exceptional clarity of
                  | mind. [potion of mutation]
 51756 | Depths:1 | Gained mutation: You are agile. (Dex +4, Str/Int -1)
                  | [potion of mutation]
 51756 | Depths:1 | Gained mutation: You passively dampen the noise of your
                  | surroundings. [potion of mutation]
 51757 | Depths:1 | Lost mutation: You possess an exceptional clarity of mind.
                  | [potion of mutation]
 51757 | Depths:1 | Lost mutation: You are agile. (Dex +4, Str/Int -1) [potion
                  | of mutation]
 51757 | Depths:1 | Gained mutation: You have hidden genetic defects. [potion
                  | of mutation]
 51757 | Depths:1 | Gained mutation: Your muscles are strong. (Str +4, Int/Dex
                  | -1) [potion of mutation]
 51758 | Depths:1 | Lost mutation: You have hidden genetic defects. [potion of
                  | mutation]
 51758 | Depths:1 | Lost mutation: Your muscles are strong. (Str +4, Int/Dex
                  | -1) [potion of mutation]
 51758 | Depths:1 | Gained mutation: Your mind is acute. (Int +4, Str/Dex -1)
                  | [potion of mutation]
 51759 | Depths:1 | Lost mutation: You do not regenerate when monsters are
                  | visible. [potion of mutation]
 51759 | Depths:1 | Lost mutation: Your mind is acute. (Int +4, Str/Dex -1)
                  | [potion of mutation]
 51759 | Depths:1 | Gained mutation: Your mind is acute. (Int +4, Str/Dex -1)
                  | [potion of mutation]
 51798 | Zig:1    | Entered Level 1 of a ziggurat
 51812 | Zig:2    | Entered Level 2 of a ziggurat
 51812 | Zig:2    | Noticed Tovi the pandemonium lord
 51815 | Zig:2    | Killed Tovi the pandemonium lord
 51834 | Zig:3    | Entered Level 3 of a ziggurat
 51849 | Zig:3    | Identified the +5 short sword "Orghuil" {freeze, Fly Int-5
                  | Dex+3}
 51871 | Zig:4    | Entered Level 4 of a ziggurat
 51893 | Zig:4    | Got Cehu's Atlas of Underground Pyromania
 51932 | Zig:5    | Entered Level 5 of a ziggurat
 52017 | Zot:1    | Entered Level 1 of the Realm of Zot
 52017 | Zot:1    | Noticed Grunn
 52018 | Zot:1    | Killed Grunn
 52458 | Zot:1    | Found a runed translucent door.
 52462 | Zot:1    | Noticed Peimeda's ghost (legendary GnFE)
 52500 | Zot:1    | You are sucked into a shaft and drop 1 floor!
 52567 | Zot:2    | Found a shimmering altar of Xom.
 52761 | Zot:2    | Got Sif Muna's Anthology of the Zealot
 52770 | Zot:2    | Got the Vellum of Fire and Brimstone
 53855 | Zot:1    | Identified the ring "Inig" {Ice +Blink Int+4}
 53855 | Zot:1    | Noticed Josephina
 53867 | Zot:1    | Killed Josephina
 54996 | Zot:3    | Identified the ring "Jiuheo" {rPois Str+3 Dex+3}
 55144 | Zot:3    | Reached XP level 27. HP: 164/164 MP: 21/39
 55196 | Zot:3    | Found a broken altar of Ashenzari.
 55687 | Zot:4    | Noticed an orb of fire
 55694 | Zot:4    | Gained mutation: Your body sometimes deteriorates upon
                  | taking damage. [an orb of fire]
 55699 | Zot:4    | Killed an orb of fire
 56348 | Zot:5    | Entered Level 5 of the Realm of Zot
 56934 | Zot:5    | Noticed a dread lich
 56953 | Zot:5    | Killed a dread lich
 57037 | Zot:5    | Noticed an orb of fire
 57103 | Zot:5    | Noticed an orb of fire
 57109 | Zot:5    | Killed an orb of fire
 57158 | Zot:5    | Got the Orb of Zot
 57231 | Zot:4    | Noticed a seraph
 57257 | Zot:3    | Noticed Vuutrim the pandemonium lord
 57537 | D:8      | Noticed Cagodgh the pandemonium lord
 57665 | D:$      | Escaped with the Orb!

Illustrated notes

Levels and vault maps discovered:
D:1:      kennysheep_arrival_forest, layout_basic, serial_rivers,
          chequers_serial_rivers_room_a, chequers_serial_rivers_micro_b,
          chequers_serial_rivers_micro_e, chequers_serial_rivers_small_3
D:2:      layout_loops_cross
D:3:      layout_basic, mainiacjoe_overflow_catwalk_spiral
D:4:      layout_rooms
D:5:      layout_basic, kennysheep_mini, minmay_temple_entry_proselytizer,
          serial_shops, nicolae_inconvenience_store
D:6:      layout_gridville, uniq_maggie, uniq_duvessa
D:7:      layout_basic, minmay_misc_feat_encased, water_boxes_lemuel
D:8:      layout_loops_ring, uniq_prince_ribbit1
D:9:      layout_irregular_city, reono_crystal_passage, roderic_roman_lattice,
          uniq_pikel, uniq_erolcha
D:10:     layout_rooms, gammafunk_ghost_stat_death, roadster_trireme
D:11:     layout_basic, erik_lair_island
D:12:     layout_roguey, orc_0_dummy
D:13:     layout_roguey
D:14:     dreamdust_wu_jian_sword_trials, layout_loops_cross, erik_vaults_2
D:15:     hangedman_depths_entry_try_elsewhere_first, layout_loops_ring,
          minivault_4, nicolae_dithmenos_through_a_glass_darkly
Temple:   compressed_dpeg_triangle_lava_temple
Lair:1:   layout_concentric_octagons, serial_bayou_shore_b, serial_bayou_shore_a
Lair:2:   layout_regular_city, hellmonk_spider_entry_life_and_decay, basic_altar
Lair:3:   layout_regular_city, mainiacjoe_shoals_entry_four_pools, basic_altar,
          forest_entry_grove
Lair:4:   layout_layer_cave, portal_ice_cave_demonic_guard, serial_forest,
          infiniplex_forest_end_3, infiniplex_forest_lined_3_way,
          infiniplex_forest_clump_tiny, infiniplex_forest_lined_ring,
          infiniplex_forest_diagonal, infiniplex_forest_straight_3,
          infiniplex_forest_clump_medium, infiniplex_staircase_pool_2
Lair:5:   gammafunk_lair_ancient_temple, layout_regular_city,
          minmay_slime_entry_oklob_enclosed, st_stairs_10
Shoals:1: layout_shoals, nicolae_shoals_spring_well_temple
Shoals:2: nzn_motion_control, layout_shoals, wheals_shoals_ruined_temple
Shoals:3: layout_shoals, nicolae_shoals_water_shrine
Shoals:4: shoals_end_simple, layout_shoals, nicolae_shoals_circle_sea_wall,
          serial_nicolae_subway, nicolae_sub_station_crystal,
          nicolae_sub_station_stone, nicolae_sub_station_metal
Spider:1: layout_spider_delve
Spider:2: layout_spider_delve, uniq_jorgrun
Spider:3: layout_spider_delve
Spider:4: hellmonk_spider_rune_bug_friends, nicolae_spider_checkerboard
Slime:1:  layout_caves
Slime:2:  layout_caves, dissolution_awaits
Slime:3:  layout_caves
Slime:4:  layout_caves
Slime:5:  slime_pit_nicolae_inversion
Orc:1:    cheibrodos_orc_bank, layout_diamond_mine
Orc:2:    st_orc_mages, layout_caves, serial_shops, shop, enter_volcano_4,
          nicolae_shop_self_help
Elf:1:    eino_elf_arrival_sip, layout_geoelf_grid, minmay_elf_sorcery,
          uniq_azrael
Elf:2:    nicolae_elf_blades_crystal_corner, layout_geoelf_diagonals,
          hellmonk_ghost_big_iron, st_stairs_8
Elf:3:    elf_hall, layout_loops_cross
Vaults:1: nicolae_vaults_big_ls, grunt_vaults_bifocal,
          nicolae_vaults_little_squares_1, nicolae_vaults_variable_pillar_hall,
          ontoclasm_vaults_chip, nicolae_vaults_theta,
          nicolae_vaults_more_shelving_1, nicolae_vaults_tetromino_L_1,
          layout_vaults_omnigrid, serial_shops, shop, uniq_zenata, uniq_asterion
Vaults:2: nicolae_vaults_shipping_containers_6,
          nicolae_vaults_taking_the_gang_shopping,
          minmay_crypt_entry_skeletal_spiral, v_misc_33,
          nicolae_vaults_diamond_1, v_misc_27, nicolae_vaults_closet_pinwheel_1,
          v_misc_29, ontoclasm_vaults_ring_large, vaults_dpeg_ring,
          nicolae_vaults_double_plus_1, nicolae_vaults_border_crossing,
          nicolae_vaults_house_1, layout_vaults_chaotic_city, serial_shops,
          nicolae_square_shop
Vaults:3: vaults_mumra_hex, vaults_standard_mumra_lines, v_misc_32, v_pattern_4,
          vaults_room_pools, vaults_dpeg_doors, not_door_vault_mu, v_misc_2,
          ontoclasm_vaults_claustrophobia, nicolae_vaults_little_ls, v_misc_3,
          vaults_room_hangedman_quadrants, hangedman_vaults_impose,
          nicolae_vaults_angled_halls, layout_vaults_omnibox
Vaults:4: nicolae_vaults_trapezoid_3, nicolae_vaults_big_angled_halls,
          vaults_dpeg_spiral, nicolae_vaults_turnstiles,
          dpeg_vaults_monster_box, hangedman_vaults_trim,
          nicolae_vaults_diamond_2, nicolae_vaults_house_1,
          nicolae_vaults_double_plus_2, minmay_guarded_unrand_sword_of_power,
          nicolae_vaults_doubleplus_tesselated, vaults_room_grid,
          nicolae_vaults_three_branches, nicolae_vaults_trapezoid_lopsided_2,
          v_misc_30, nicolae_vaults_double_plus_1, layout_vaults_omnicross,
          serial_shops, freezing_bzr, uniq_margery
Vaults:5: serial_shops, uniq_xtahua
Crypt:1:  layout_catacombs, grunt_megastairs_5, grunt_crypt_arrival_split,
          uniq_boris
Crypt:2:  layout_gridlike
Crypt:3:  lightli_unholy_cathedral, layout_chaotic_city,
          tomb_entry_moat_badplayer, nicolae_crypt_lounge_for_the_living
Depths:1: layout_long_grid, enter_ziggurat_e, abyss_entry, hellmouth_2,
          enter_trove_0, kennysheep_doodads, serial_library_hellmonk_h_bend,
          evilmike_ambush [evilmike_ambush_outer_basic,
          evilmike_ambush_inner_basic], uniq_bai_suzhen
Depths:2: little_maze_vault, layout_cave_pools, pan_entry,
          kennysheep_cluttered_room, hell_entry, infiniplex_staircase_zigzag_4
Depths:3: hourglass_vault, layout_honeycomb, abyss_entry, hell_entry,
          roderic_lattice_a, nicolae_alphabet_shops,
          infiniplex_staircase_door_maze, uniq_vv
Depths:4: evilmike_zot_entry_argh, layout_honeycomb, hell_entry,
          kennysheep_okawaru_gauntlet
Zot:1:    layout_twisted_circle, ebering_ghost_reflecting_pool,
          regret_index_zotdec_fiery_em, nicolae_zig_zag_zippers, uniq_grunn,
          uniq_josephina
Zot:2:    nicolae_zot_draconian_monastery, layout_misc_corridors
Zot:3:    kennysheep_ambush_hall, layout_basic, regret_index_zotdec_iron_s
Zot:4:    layout_basic, hellmonk_greenhouse_of_terror
Zot:5:    layout_onion

Skill      XL: |  1  2  3  4  5  6  7  8  9 10 11 12 13 14 15 16 17 18 19 20 21 22 23 24 25 26 27 |
---------------+----------------------------------------------------------------------------------+-----
Dodging        | 3 4 5 6 8 9 11 12 14 15 16 17 19 20 21 22 23 25 | 25.5
Unarmed Combat | 2 3 4 5 7 9 10 12 13 15 16 18 19 20 21 22 23 24 25 | 25.5
Ice Magic      | 1 |  1.1
Hexes          | 5 6 9 |  9.9
Stealth        | 5 6 8 9 11 12 13 | 13.3
Fighting       | 1 2 4 5 6 8 9 10 11 12 13 15 17 18 19 20 22 23 | 23.3
Translocations | 2 4 7 10 11 13 | 13.3
Shapeshifting  | 1 2 4 5 6 11 14 15 16 17 18 19 20 22 25 | 25.0
Spellcasting   | 4 7 9 10 11 | 11.1
Evocations     | 4 5 6 9 |  9.9
Alchemy        | 3 |  3.3

Action                     |  1- 3 |  4- 6 |  7- 9 | 10-12 | 13-15 | 16-18 | 19-21 | 22-24 | 25-27 || total
---------------------------+-------+-------+-------+-------+-------+-------+-------+-------+-------++-------
  Melee: Unarmed           |   123 |    69 |   317 |   714 |  1269 |  1699 |  1662 |   980 |  1245 ||  8078
         Bite              |    12 |    10 |    41 |    84 |   181 |   141 |   283 |   128 |   165 ||  1045
         Punch             |     1 |     2 |    21 |    66 |   102 |   128 |   288 |   189 |   223 ||  1020
         Constrict         |       |       |       |    32 |     2 |   153 |       |       |       ||   187
         Tailslap          |       |       |       |       |       |       |       |       |   154 ||   154
   Cast: Ensorcelled Hiber |     4 |    19 |    24 |     6 |       |       |       |       |       ||    53
         Confusing Touch   |       |     4 |    47 |    84 |    16 |       |       |       |       ||   151
         Tukima's Dance    |       |       |    30 |    13 |       |       |       |       |       ||    43
         Blink             |       |       |     2 |     3 |     1 |     6 |       |       |       ||    12
         Apportation       |       |       |       |       |       |     4 |     1 |       |     1 ||     6
         Manifold Assault  |       |       |       |       |       |       |       |    32 |   121 ||   153
         Vhi's Electric Ch |       |       |       |       |       |       |       |       |    18 ||    18
         Passage of Golubr |       |       |       |       |       |       |       |       |     2 ||     2
 Invoke: Serpent's Lash    |       |       |       |    10 |    18 |    20 |    15 |    10 |    13 ||    86
         Heavenly Storm    |       |       |       |       |     1 |     1 |       |     2 |     4 ||     8
Ability: Lunge             |       |     1 |    50 |    83 |   112 |   162 |   152 |    66 |   133 ||   759
         Whirlwind         |       |       |     7 |   146 |   308 |   346 |   527 |   384 |   405 ||  2123
         Begin Untransform |       |       |     1 |       |       |       |       |       |       ||     1
         Wall Jump         |       |       |     1 |    16 |    28 |    12 |    21 |    19 |    13 ||   110
         Breathe Fire      |       |       |       |       |       |       |       |       |     1 ||     1
  Evoke: Wand              |       |    15 |    18 |    25 |     6 |    34 |     3 |     6 |    12 ||   119
         Phantom mirror    |       |       |       |     1 |     2 |     1 |     1 |       |       ||     5
         Lightning rod     |       |       |       |       |       |     1 |     4 |     7 |       ||    12
         Phial of floods   |       |       |       |       |       |       |     2 |       |     1 ||     3
    Use: Potion            |     1 |     3 |       |     1 |     6 |    18 |     6 |    11 |    30 ||    76
         Scroll            |       |     2 |     7 |     7 |    13 |    28 |    13 |     6 |     7 ||    83
   Stab: Distracted        |     1 |       |       |     2 |     4 |     7 |     7 |     5 |     2 ||    28
         Invisible         |     1 |       |       |       |     2 |     7 |       |       |       ||    10
         Sleeping          |    12 |    14 |    25 |    28 |    41 |    36 |    54 |    14 |    31 ||   255
         Paralysed         |       |     6 |     4 |       |       |       |       |       |       ||    10
         Confused          |       |     3 |    27 |    57 |    11 |       |       |       |       ||    98
         Held in net/web   |       |       |       |       |       |     1 |       |       |       ||     1
         Petrified         |       |       |       |       |       |     1 |       |       |       ||     1
 Armour: Skin              |    24 |    12 |    72 |   136 |   523 |   761 |   428 |   226 |   326 ||  2508
  Dodge: Dodged            |    85 |    47 |   141 |   421 |  1223 |  1850 |  1411 |   797 |   579 ||  6554
   Form: Beast             |       |       |     2 |       |       |       |       |       |       ||     2
         Blade             |       |       |       |     3 |       |       |       |       |       ||     3
         Serpent           |       |       |       |     2 |     1 |     5 |       |       |       ||     8
         Statue            |       |       |       |       |     2 |     5 |       |       |       ||     7
         Dragon            |       |       |       |       |       |       |       |       |     1 ||     1
